[Event "*** Titled Tuesday Blitz"]
[Site "Chess.com"]
[Date "2019.05.07"]
[Round "2"]
[White "monalize"]
[Black "slowdumbb"]
[Result "0-1"]
[WhiteElo "2335"]
[BlackElo "2508"]
[TimeControl "180+2"]
[EndTime "13:22:45 PDT"]
[Termination "slowdumbb won by resignation"]

1. e4 c5 2. Nf3 Nc6 3. d4 cxd4 4.
Nxd4 e5 5. Nb5 a6 6. Nd6+ Bxd6 7. Qxd6 Qe7 8. Qd2 Nf6 9. Nc3 O-O 10. Qg5 Nd4 11. Bd3 b5 12. Qh4 Bb7 13. Bg5 Rac8 14. a3 h6 15. Bxf6 Qxf6 16. Qxf6 gxf6 17. O-O Rfd8 18.
f4 d5 19. exd5 Bxd5 20. Nxd5 Rxd5 21. Rad1 exf4 22. Rxf4 Rcd8 23. Rdf1 f5 24. g3 Kg7 25. Bxf5 Ne2+ 26. Kg2 Nxf4+ 27. Rxf4 Rd2+ 28. Kh3 R8d6 29. Bd3 Rf6 30. Rg4+ Kf8 31. Rd4 Rff2 32. Rd6 Kg7 33. Rxa6 f5 34. g4 f4 35. g5 h5 36. Ra7+ Kf8 37.
Ra8+ Ke7 38. Ra7+ Kd6 39. Ra6+ Kc7 0-1

[Event "*** Titled Tuesday Blitz"]
[Site "Chess.com"]
[Date "2019.05.07"]
[Round "2"]
[White "SARGISMV"]
[Black "chessdjw"]
[Result "0-1"]
[WhiteElo "2337"]
[BlackElo "2690"]
[TimeControl "180+2"]
[EndTime "13:22:46 PDT"]
[Termination "chessdjw won by resignation"]

1. d4 Nf6 2. Nf3 e6 3. c4 d5 4. Nc3 Bb4 5. Bd2 O-O 6. e3 b6 7. cxd5 exd5 8. Bd3 Bb7 9. Rc1 Re8 10. O-O Bf8 11.
Ne5 c5 12. f4 Nc6 13. Be1 cxd4 14. exd4 Nxd4 15. Bh4 Bc5 16. Kh1 Qd6 17. a3 a5 18.
Bb1 Ne4 19. b4 axb4 20. axb4 Bxb4 21. Qxd4 Nxc3 22. Rxc3 Bxc3 23. Qxc3 d4 24. Qh3 g6 25.
Ng4 Ra3 26. Nf6+ Qxf6 27. Bxf6 Rxh3 28. Bxd4 Re2 29. Bf2 Rb3 30. Kg1 Reb2 31. Be4 Bxe4 0-1

[Event "*** Titled Tuesday Blitz"]
[Site "Chess.com"]
[Date "2019.05.07"]
[Round "2"]
[White "Cocaino74"]
[Black "1e41-0"]
[Result "0-1"]
[WhiteElo "2278"]
[BlackElo "2462"]
[TimeControl "180+2"]
[EndTime "13:22:46 PDT"]
[Termination "1e41-0 won by resignation"]

1. Nf3 d5 2. g3 c6 3. Bg2 Bg4 4. h3 Bxf3 5. Bxf3 e6 6. O-O Nd7 7. d3 Bd6 8. c4 Ngf6 9. Qb3 Qc7 10. Bg2 h5 11. Bg5 Ne5 12. Nd2 Ng6 13. cxd5 exd5 14. Bxf6 gxf6 15. Rac1 h4 16. g4 Nf4 17. Kh1 f5 18.
gxf5 O-O-O 19. Bf3 Nxh3 20. Bxd5 Bf4 21. e3 Rxd5 22.
Qxd5 cxd5 23. exf4 Nxf2+ 24. Kg2 Nxd3 25. Rxc7+ Kxc7 26. Rf3 Nxb2 27. Rc3+ Kd6 28. Nf3 Nc4 29. Kh3 b5 30. Nxh4 d4 31. Rd3 Kd5 32. Kg4 Ke4 33.
Rh3 Ne3+ 34. Kg3 d3 35. Kf2 Nxf5 36. Nxf5 Rxh3 0-1

[Event "*** Titled Tuesday Blitz"]
[Site "Chess.com"]
[Date "2019.05.07"]
[Round "2"]
[White "superstructure"]
[Black "Pushdapawn"]
[Result "1-0"]
[WhiteElo "2275"]
[BlackElo "2176"]
[TimeControl "180+2"]
[EndTime "13:22:50 PDT"]
[Termination "superstructure won on time"]

1. e4 e5 2. Nf3 Nc6 3. Bb5 g6 4. c3 Bg7 5. O-O Nge7 6. d4 a6 7. Be2 exd4 8. cxd4 d6 9. Nc3 O-O 10. Bg5 h6 11. Be3 Kh7 12. Rc1 f5 13. Qd2 fxe4 14.
Nxe4 Nd5 15. Ng3 Bd7 16. Bd3 Nce7 17. Nh4 Nf5 18. Nhxf5 gxf5 19. Nh5 Nxe3 20. fxe3 Bh8 21. Qc2 Qg5 22. Qxc7 Rad8 23. Nf4 Rf7 24. Qxb7 1-0

[Event "*** Titled Tuesday Blitz"]
[Site "Chess.com"]
[Date "2019.05.07"]
[Round "2"]
[White "ilm2034"]
[Black "rubhani"]
[Result "1-0"]
[WhiteElo "2413"]
[BlackElo "2519"]
[TimeControl "180+2"]
[EndTime "13:22:51 PDT"]
[Termination "ilm2034 won by resignation"]

1. d4 Nf6 2. c4 e6 3. g3 d5 4.
Bg2 c6 5. Nf3 Nbd7 6. Nbd2 b5 7.
cxb5 cxb5 8. a4 b4 9. O-O Be7 10. Nb3 O-O 11. a5 Ba6 12. Bf4 Rc8 13. Rc1 Rxc1 14. Bxc1 Qc7 15. Bf4 Qc4 16. Re1 Rc8 17. Nfd2 Qc2 18. Qa1 Qc6 19. Rc1 Qb7 20. Rxc8+ Qxc8 21. Qc1 Qxc1+ 22. Nxc1 h6 23. Ndb3 g5 24. Bd2 Ne4 25. Be1 Nb8 26. f3 Nf6 27. e4 Nc6 28.
Kf2 dxe4 29. fxe4 Ng4+ 30. Kg1 Ne3 31. Bf3 Nc2 32. Bf2 e5 33. dxe5 1-0

[Event "*** Titled Tuesday Blitz"]
[Site "Chess.com"]
[Date "2019.05.07"]
[Round "2"]
[White "Eliwood44"]
[Black "Roenko_Artur"]
[Result "1-0"]
[WhiteElo "2235"]
[BlackElo "2229"]
[TimeControl "180+2"]
[EndTime "13:22:51 PDT"]
[Termination "Eliwood44 won by resignation"]

1. d4 d5 2. c4 e6 3. Nf3 c6 4. g3 g6 5. Bg2 Bg7 6. O-O Nf6 7. b3 O-O 8. e3 Nbd7 9. Nc3 b6 10. Ba3 Re8 11. Rc1 dxc4 12. bxc4 Bb7 13. c5 bxc5 14.
dxc5 Qa5 15. Qa4 Qxa4 16. Nxa4 Nd5 17. Nd4 e5 18. Nb3 Ba6 19. Bxd5 cxd5 20. Rfd1 Nf6 21.
c6 Be2 22. Rd2 Bc4 23. Na5 Bb5 24. Nc3 Bc4 25. Nxc4 dxc4 26. Nb5 Ne4 27. Rd7 Rec8 28. Rxc4 Nf6 29. Rxa7 Rab8 30. Nd6 Rb1+ 31. Kg2 Rf8 32. c7 1-0

[Event "*** Titled Tuesday Blitz"]
[Site "Chess.com"]
[Date "2019.05.07"]
[Round "2"]
[White "DanielNaroditsky"]
[Black "Thee-Chessboy"]
[Result "1-0"]
[WhiteElo "3122"]
[BlackElo "2354"]
[TimeControl "180+2"]
[EndTime "13:22:52 PDT"]
[Termination "DanielNaroditsky won by resignation"]

1. Nf3 Nf6 2. g3 g6 3. Bg2 Bg7 4. O-O O-O 5. d3 d5 6. Nbd2 c5 7. e4 Nc6 8. c3 e5 9. exd5 Nxd5 10.
Re1 Re8 11. Nc4 Rb8 12. Ng5 f6 13. Ne4 Bf8 14. Ned6 Bxd6 15. Bxd5+ Kh8 16. Be3 Ne7 17. Bg2 Nf5 18. a4 Be6 19. Bd2 Bf8 20. Qe2 Bd5 21.
Be4 Bxe4 22. dxe4 Nd6 23. Nxd6 Bxd6 24. Be3 Qc7 25. Rad1 Bf8 26. Rd5 Rbd8 27. c4 Rxd5 28. cxd5 Bd6 29. h4 h5 30. Rc1 Rc8 31. Kg2 Qd7 32.
b3 Kh7 33. Bd2 a6 34. a5 Qb5 35.
Qe3 Bf8 36. Rc4 b6 37. Qf3 Bg7 38. g4 hxg4 39. Qxg4 Qxb3 40. Rc3 Qb5 41. Qxc8 1-0

[Event "*** Titled Tuesday Blitz"]
[Site "Chess.com"]
[Date "2019.05.07"]
[Round "2"]
[White "penguingm1"]
[Black "Alopekos"]
[Result "1-0"]
[WhiteElo "2908"]
[BlackElo "2579"]
[TimeControl "180+2"]
[EndTime "13:22:58 PDT"]
[Termination "penguingm1 won on time"]

1. d4 Nf6 2. c4 e6 3. Nc3 d5 4. cxd5 Nxd5 5. e4 Nxc3 6. bxc3 c5 7. Nf3 cxd4 8. cxd4 Bb4+ 9. Bd2 Bxd2+ 10. Qxd2 O-O 11. Rc1 b6 12. Bd3 Bb7 13. O-O Nd7 14. Qf4 Nf6 15. g4 e5 16. Qxe5 Re8 17. Qc7 Bxe4 18. Bxe4 Rxe4 19.
h3 Qd5 20. Qc6 h6 21. Qxd5 Nxd5 22. Rfe1 Rae8 23. Rxe4 Rxe4 24. Kf1 Nf4 25. h4 Re2 26. d5 1-0

[Event "*** Titled Tuesday Blitz"]
[Site "Chess.com"]
[Date "2019.05.07"]
[Round "2"]
[White "vovachesss"]
[Black "Orest_Vovk"]
[Result "1-0"]
[WhiteElo "2525"]
[BlackElo "2434"]
[TimeControl "180+2"]
[EndTime "13:22:58 PDT"]
[Termination "vovachesss won by resignation"]

1. e4 e5 2. Nf3 Nf6 3. Nc3 Nc6 4. d4 exd4 5. Nxd4 Bc5 6. Nxc6 bxc6 7. Bd3 d5 8. exd5 Nxd5 9. Ne4 Be7 10. O-O O-O 11. Qh5 g6 12. Qh6 Re8 13. Ng5 Bxg5 14. Bxg5 Qd6 15.
Rfe1 Bd7 16. h4 Rxe1+ 17. Rxe1 Re8 18. Rxe8+ Bxe8 19. h5 Qf8 20. hxg6 Qxh6 21. gxf7+ Bxf7 22. Bxh6 Nb4 23. Be4 Nxa2 24. Bxc6 Nb4 25. Ba4 Bg6 26. c3 Nd3 27. b4 Kf7 28. Be3 a6 29. Bb3+ Ke7 30.
Bc4 Ne5 31. Bxa6 Ke6 32. f4 Ng4 33. Bd4 Be4 34. Bc8+ 1-0

[Event "*** Titled Tuesday Blitz"]
[Site "Chess.com"]
[Date "2019.05.07"]
[Round "2"]
[White "Walter_White_Poland"]
[Black "quesfr"]
[Result "1-0"]
[WhiteElo "2301"]
[BlackElo "2193"]
[TimeControl "180+2"]
[EndTime "13:22:58 PDT"]
[Termination "Walter_White_Poland won on time"]

1. e4 e5 2. Nf3 Nc6 3. Bb5 a6 4. Ba4 Nf6 5. O-O Be7 6. Re1 b5 7. Bb3 d6 8. c3 O-O 9. h3 Nb8 10. d4 Nbd7 11. Nbd2 Bb7 12. Bc2 Re8 13. Nf1 Bf8 14. Ng3 g6 15. a4 c5 16. d5 c4 17. Bg5 Nc5 18. Nh2 Be7 19. Be3 Nfd7 20.
Rf1 Bh4 21. Ng4 bxa4 22. Nh6+ Kf8 23. Ngf5 gxf5 24. Nxf5 Qf6 25. Qh5 Nb3 26. Rae1 Bxf2+ 27. Rxf2 1-0

[Event "*** Titled Tuesday Blitz"]
[Site "Chess.com"]
[Date "2019.05.07"]
[Round "2"]
[White "IMRosen"]
[Black "Yurovskykh_Oleksandr"]
[Result "0-1"]
[WhiteElo "2406"]
[BlackElo "2518"]
[TimeControl "180+2"]
[EndTime "13:22:59 PDT"]
[Termination "Yurovskykh_Oleksandr won by resignation"]

1. d4 d5 2. Bf4 c5 3. e3 Nc6 4.
Nf3 cxd4 5. exd4 Bg4 6. c3 e6 7. Nbd2 Bd6 8. Bg3 Nf6 9. Be2 O-O 10. O-O Bxg3 11. hxg3 Ne8 12. Re1 Nd6 13. Nf1 b5 14.
Ne3 Bxf3 15. gxf3 b4 16. cxb4 Nxb4 17. a3 Nc6 18. b4 Qb6 19. Bd3 Nxd4 20. Kg2 Rfc8 21.
Rh1 h6 22. Bb1 Rc3 23. f4 Rxe3 24. fxe3 N4f5 25. Bxf5 Nxf5 26. Qd3 Nxe3+ 27. Kh3 h5 28. Rhf1 g6 29. Rac1 Ng4 30. Qd2 a5 31. bxa5 Qxa5 32. Rc8+ Kh7 33. Qxa5 Rxa5 34. Rf3 Rb5 35. a4 Rb2 36. Kh4 f6 37. Rc7+ Kh6 0-1

[Event "*** Titled Tuesday Blitz"]
[Site "Chess.com"]
[Date "2019.05.07"]
[Round "2"]
[White "MatthewG-p4p"]
[Black "kharov2001"]
[Result "1-0"]
[WhiteElo "2686"]
[BlackElo "2529"]
[TimeControl "180+2"]
[EndTime "13:23:01 PDT"]
[Termination "MatthewG-p4p won by resignation"]

1. f4 Nf6 2. Nf3 g6 3. g3 Bg7 4. Bg2 O-O 5. O-O c5 6. d3 Nc6 7. Nc3 b6 8. e4 d6 9. e5 Ne8 10. d4 Bb7 11. d5 Nb8 12. Re1 Nc7 13. a4 Nba6 14. f5 dxe5 15. Nxe5 Nb4 16. fxg6 hxg6 17. d6 Bxg2 18. dxe7 Qxe7 19. Nxg6 Qf6 20. Ne7+ Kh8 21. Qh5+ Bh6 22. Bxh6 Bf3 23. Bg5+ Bxh5 24. Bxf6+ Kh7 25.
Re4 Ne6 26. Rh4 Kh6 27. g4 1-0

[Event "*** Titled Tuesday Blitz"]
[Site "Chess.com"]
[Date "2019.05.07"]
[Round "2"]
[White "M1711"]
[Black "DanielRensch"]
[Result "0-1"]
[WhiteElo "2447"]
[BlackElo "2453"]
[TimeControl "180+2"]
[EndTime "13:23:08 PDT"]
[Termination "DanielRensch won on time"]

1. d4 Nf6 2. Bg5 c5 3. d5 b5 4.
Bxf6 gxf6 5. e4 d6 6. Bxb5+ Nd7 7. Nc3 f5 8. exf5 Rb8 9. Qe2 Bg7 10. Nf3 Bxc3+ 11.
bxc3 Qa5 12. Bxd7+ Bxd7 13. O-O Qxc3 14. Rab1 Rb6 15.
Rfe1 Qf6 16. g4 Rg8 17. Rxb6 axb6 18. g5 h6 19. h4 hxg5 20. hxg5 Bxf5 21. Qb5+ Kf8 22.
Qxb6 Rxg5+ 23. Nxg5 Qxg5+ 24. Kf1 Bh3+ 25. Ke2 Qe5+ 26.
Kd2 Qf4+ 0-1

[Event "*** Titled Tuesday Blitz"]
[Site "Chess.com"]
[Date "2019.05.07"]
[Round "2"]
[White "EuropeanChampion"]
[Black "Simoncelli15"]
[Result "1-0"]
[WhiteElo "2346"]
[BlackElo "2257"]
[TimeControl "180+2"]
[EndTime "13:23:17 PDT"]
[Termination "EuropeanChampion won by resignation"]

1. d4 Nf6 2. Nc3 e6 3. Bf4 d5 4. e3 c5 5. dxc5 Bxc5 6. Bd3 O-O 7. Nge2 Nc6 8. e4 dxe4 9. Nxe4 Nxe4 10. Bxe4 Qf6 11.
O-O Rd8 12. Qc1 Bd7 13. Bg5 Qe5 14. Bxd8 Qxe4 15. Ng3 Qg6 16. Bg5 f6 17. Be3 Be7 18. Rd1 Be8 19. Qd2 h5 20. Qd3 Qg4 21. h3 Qb4 22.
Qb3 Qxb3 23. axb3 h4 24. Ne4 Nb4 25. Rxa7 Rb8 26. Bc5 Nc6 27. Raa1 Bg6 28. Bxe7 Bxe4 29. Bd6 Rd8 30. Bc7 Rc8 31. Rd7 e5 32. Bb6 Bxc2 33. Rc1 Bxb3 34. Rxb7 Bd5 35. Rd7 Rb8 36. Rxd5 Rxb6 37.
Rd6 1-0

[Event "*** Titled Tuesday Blitz"]
[Site "Chess.com"]
[Date "2019.05.07"]
[Round "2"]
[White "VeraNebolsina"]
[Black "Kimster98"]
[Result "1-0"]
[WhiteElo "2353"]
[BlackElo "2633"]
[TimeControl "180+2"]
[EndTime "13:23:17 PDT"]
[Termination "VeraNebolsina won by resignation"]

1. e4 d6 2. d4 Nf6 3. Nc3 c6 4. a4 Nbd7 5. Nf3 e5 6. Bc4 Be7 7. O-O O-O 8. Ba2 b6 9. Qe2 a6 10. Rd1 Qc7 11. Bg5 Rb8 12. Nh4 h6 13. Nf5 Bd8 14.
Bxh6 gxh6 15. Qe3 Ng4 16. Qg3 Nf6 17. dxe5 dxe5 18. h3 Bxf5 19. exf5 e4 20. Qxc7 Bxc7 21. hxg4 Be5 22. f3 Bxc3 23. bxc3 Rfd8 24. Kf2 Kf8 25. Ke3 exf3 26. gxf3 Ke7 27. Bc4 Rxd1 28. Rxd1 b5 29.
axb5 cxb5 30. Bb3 Rc8 31. Re1 a5 32. Kd4+ Kf8 33. c4 a4 34. Ba2 bxc4 35. Bxc4 Ra8 36. Rb1 Ra7 37. Kc5 Rc7+ 38. Kd4 Ra7 39. Bb5 a3 40. c4 Ke7 41. Re1+ Kd8 42. Kc3 a2 43. Kb2 Kc7 44. Re7+ Kb6 45. c5+ Kxb5 46. Rxa7 Kxc5 1-0

[Event "*** Titled Tuesday Blitz"]
[Site "Chess.com"]
[Date "2019.05.07"]
[Round "2"]
[White "TargetA"]
[Black "scaryninja"]
[Result "1-0"]
[WhiteElo "2438"]
[BlackElo "2479"]
[TimeControl "180+2"]
[EndTime "13:23:18 PDT"]
[Termination "TargetA won by checkmate"]

1. e4 c5 2. Nf3 e6 3. d4 cxd4 4. Nxd4 a6 5. Bd3 Qc7 6. O-O d6 7. Nc3 Nf6 8. Qe2 Be7 9. a4 Nbd7 10. Kh1 O-O 11. f4 b6 12. Bd2 Bb7 13. Rae1 g6 14. f5 Nc5 15. Bh6 e5 16. Bxf8 Bxf8 17. fxg6 hxg6 18.
Rxf6 exd4 19. Nd5 Bxd5 20. exd5 Bg7 21. Rf2 Nxa4 22. Bxg6 fxg6 23. Qe6+ Kh7 24. Rf7 Qxc2 25. h3 Qd2 26. Re4 Qh6 27. Qe7 d3 28. Rh4 d2 29.
Rxg7+ Kh8 30. Rxh6# 1-0

[Event "*** Titled Tuesday Blitz"]
[Site "Chess.com"]
[Date "2019.05.07"]
[Round "2"]
[White "Sadikhov_Ulvi"]
[Black "Hulk711"]
[Result "1-0"]
[WhiteElo "2677"]
[BlackElo "2516"]
[TimeControl "180+2"]
[EndTime "13:23:19 PDT"]
[Termination "Sadikhov_Ulvi won by checkmate"]

1. Nf3 d5 2. g3 c6 3. Bg2 Bg4 4. O-O Nd7 5. d3 e6 6. Nbd2 Bd6 7. e4 Ne7 8. Qe2 O-O 9. Re1 a5 10. h3 Bxf3 11. Bxf3 a4 12. a3 b5 13. Bg2 Qb6 14. h4 Bxg3 15. Nf3 Bd6 16. h5 h6 17. Bh3 b4 18. Kh1 Kh7 19. Rg1 Rg8 20. Rg2 dxe4 21. Qxe4+ Kh8 22. Be3 Qc7 23. Rag1 Nf6 24. Qh4 Ned5 25.
Bd2 bxa3 26. bxa3 Bxa3 27. c4 Bb2 28. cxd5 cxd5 29. d4 Qe7 30. Ne5 a3 31. Nc6 Qd6 32. Bxh6 Nh7 33. Bxg7+ Rxg7 34. Rxg7 Qxc6 35. Qg3 Bxd4 36.
Rg8+ Rxg8 37. Qxg8# 1-0

[Event "*** Titled Tuesday Blitz"]
[Site "Chess.com"]
[Date "2019.05.07"]
[Round "2"]
[White "HouseOfDurin"]
[Black "LarissaSteenbekkers"]
[Result "1-0"]
[WhiteElo "1966"]
[BlackElo "1964"]
[TimeControl "180+2"]
[EndTime "13:23:20 PDT"]
[Termination "HouseOfDurin won by checkmate"]

1. d4 Nf6 2. Bg5 c5 3. Bxf6 gxf6 4. c3 d5 5. g3 e6 6. Bg2 Nc6 7. e3 Bd7 8. Ne2 Be7 9. O-O O-O 10. Nf4 Kh8 11.
Nd2 Bd6 12. dxc5 Bxc5 13. Qh5 Ne7 14. Nb3 Bd6 15. Qf3 Bc6 16. Nd4 Bd7 17. Nh5 f5 18. Rfd1 Ng6 19. Qe2 Qg5 20. Nf4 Rg8 21. Nf3 Qf6 22.
Nxg6+ Rxg6 23. c4 Bc6 24. Nd4 Rag8 25. Nxc6 bxc6 26. cxd5 cxd5 27. Qa6 Be5 28. Qxa7 h5 29. Rac1 h4 30. Rc2 Bxb2 31. Rb1 Be5 32. Rb7 R8g7 33.
Qa8+ Kh7 34. Rc8 hxg3 35. Rh8# 1-0

[Event "*** Titled Tuesday Blitz"]
[Site "Chess.com"]
[Date "2019.05.07"]
[Round "2"]
[White "chessking2151"]
[Black "Sebastian"]
[Result "0-1"]
[WhiteElo "2595"]
[BlackElo "2916"]
[TimeControl "180+2"]
[EndTime "13:23:21 PDT"]
[Termination "Sebastian won by resignation"]

1. e4 c5 2. Nf3 d6 3. d4 cxd4 4. Nxd4 Nf6 5. Nc3 a6 6. h3 e5 7. Nb3 Be6 8. f4 g6 9. Qf3 Nc6 10. Be3 exf4 11. Bxf4 Nh5 12. O-O-O Nxf4 13. Qxf4 Ne5 14.
Nd5 Bg7 15. c3 O-O 16. Kb1 Rc8 17. g4 b5 18. Be2 Re8 19. h4 Bxd5 20. Rxd5 Qb6 21.
h5 b4 22. cxb4 Qxb4 23. Rhd1 Rc6 24. Qe3 Rec8 25. a3 Qb8 26. Ka2 Rb6 27. R1d4 Rc2 28. h6 Bxh6 29. Qxh6 Rxb3 30. Bb5 Rcxb2+ 0-1

[Event "*** Titled Tuesday Blitz"]
[Site "Chess.com"]
[Date "2019.05.07"]
[Round "2"]
[White "Alexander_Moskalenko"]
[Black "Frolik67"]
[Result "1-0"]
[WhiteElo "2866"]
[BlackElo "2599"]
[TimeControl "180+2"]
[EndTime "13:23:21 PDT"]
[Termination "Alexander_Moskalenko won by resignation"]

1. e4 e6 2. d4 d5 3. Nd2 Nf6 4.
Bd3 c5 5. c3 Nc6 6. Ngf3 Be7 7. O-O O-O 8. e5 Ng4 9. h3 Nh6 10. dxc5 Bxc5 11. b4 Bb6 12. a4 Bc7 13. Re1 f5 14. b5 Ne7 15. Ba3 Nf7 16. c4 Re8 17. Qb3 b6 18. Rad1 Bb7 19. a5 bxa5 20. c5 Ng6 21. c6 Bc8 22. Bc5 Nfxe5 23. Nxe5 Nxe5 24. Bc2 Qg5 25. Bd4 Ng6 26. Nf3 Qf4 27. Qc3 Qh6 28. Bxf5 Rf8 29. Bxg6 Qxg6 30. Ne5 Qf5 31.
Rd3 Bd6 32. Rf3 Qh5 33. Rxf8+ Bxf8 34. Qxa5 Qf5 35. b6 Rb8 36. Qxa7 Bd6 37. c7 Rb7 38.
Qa8 Qf8 39. Qa4 Bb4 40. Ra1 Bd6 41. Qc6 Bxe5 42. Bxe5 h6 43. Ra8 Kf7 44. Bd6 Qg8 45.
Bc5 Kg6 46. Qxb7 Qe8 47. Qxc8 Qb5 48. Qe8+ 1-0

[Event "*** Titled Tuesday Blitz"]
[Site "Chess.com"]
[Date "2019.05.07"]
[Round "2"]
[White "jefferyx"]
[Black "Muguet7"]
[Result "1-0"]
[WhiteElo "2895"]
[BlackElo "2572"]
[TimeControl "180+2"]
[EndTime "13:23:25 PDT"]
[Termination "jefferyx won by checkmate"]

1. d4 Nf6 2. c4 e6 3. Nc3 Bb4 4. Nf3 c5 5. g3 Nc6 6. Bg2 Ne4 7. Bd2 Nxd2 8. Qxd2 cxd4 9. Nxd4 Qb6 10. Nc2 Be7 11. b3 O-O 12. O-O d6 13. Rfd1 a6 14. Ne3 Rd8 15. Rac1 Ne5 16. Na4 Qc7 17. Qd4 Nc6 18.
Qe4 Bd7 19. Nd5 exd5 20. cxd5 Bg5 21. e3 Be8 22. dxc6 bxc6 23. Qc4 Rdc8 24. Qd4 Rd8 25. Qc4 Rdc8 26. Nc3 Bd8 27. Qd4 Be7 28. Nd5 Qd8 29. Nxe7+ Qxe7 30. Qxd6 Qxd6 31. Rxd6 Rd8 32. Bxc6 Rxd6 33.
Bxa8 Kf8 34. Rc8 Ke7 35. Rc7+ Bd7 36. Be4 g6 37. Ra7 Ke6 38. Kg2 h5 39. h4 Bb5 40.
a4 Be2 41. Bf3 Bd3 42. a5 f6 43. b4 Bb5 44. Bb7 Ke5 45. Bf3 Ke6 46. Rb7 Ke5 47.
Re7+ Kf5 48. e4# 1-0

[Event "*** Titled Tuesday Blitz"]
[Site "Chess.com"]
[Date "2019.05.07"]
[Round "2"]
[White "Micki-taryan"]
[Black "xamax2000"]
[Result "0-1"]
[WhiteElo "3036"]
[BlackElo "2609"]
[TimeControl "180+2"]
[EndTime "13:23:27 PDT"]
[Termination "xamax2000 won by resignation"]

1. d4 Nf6 2. Nf3 d5 3. c4 c6 4. Nc3 dxc4 5. a4 e6 6. e4 c5 7. d5 exd5 8. exd5 Bd6 9. Bxc4 O-O 10. O-O Bg4 11. h3 Bh5 12. Re1 Nbd7 13. Nb5 Ne5 14. Be2 Bg6 15. Nxd6 Qxd6 16. Nxe5 Qxe5 17. Bf3 Qd6 18. Bg5 Rfe8 19. Qb3 b6 20. a5 Be4 21.
axb6 axb6 22. Rxa8 Rxa8 23. Bxf6 Bxf3 24. Bxg7 Bxd5 25.
Be5 Qxe5 26. Qd1 Qg5 27. f3 Be6 28. Kh1 Ra2 29. Qc2 Qf6 30. Qe4 Rxb2 31. Qa8+ Kg7 32. Qe4 c4 33. Ra1 Re2 34. Qb1 c3 35. Ra8 c2 36.
Qb4 c1=Q+ 37. Qe1 Qxe1+ 0-1

[Event "*** Titled Tuesday Blitz"]
[Site "Chess.com"]
[Date "2019.05.07"]
[Round "2"]
[White "Misha_Bilous"]
[Black "IMDT02"]
[Result "1-0"]
[WhiteElo "2298"]
[BlackElo "2447"]
[TimeControl "180+2"]
[EndTime "13:23:28 PDT"]
[Termination "Misha_Bilous won by resignation"]

1. d4 f5 2. Nf3 Nf6 3. g3 e6 4.
Bg2 d5 5. O-O c6 6. c4 Bd6 7. b3 Qe7 8. Bb2 O-O 9. Qc1 Nbd7 10. Ba3 Ne4 11. Bxd6 Qxd6 12. Nc3 b6 13. Rd1 Bb7 14.
Qe3 Rac8 15. Rac1 a5 16. Ne1 Rfe8 17. Nd3 h6 18. Na4 b5 19. cxb5 cxb5 20. Nac5 Ndxc5 21. dxc5 Qe7 22. f3 Nf6 23. Ne5 b4 24. c6 Ba6 25. Bf1 Qd6 26. Qd4 Bb5 27. f4 Bxc6 28. Qb6 Nd7 29. Rxc6 Rxc6 30. Qxc6 Qxc6 31. Nxc6 Rc8 32.
Ne7+ 1-0

[Event "*** Titled Tuesday Blitz"]
[Site "Chess.com"]
[Date "2019.05.07"]
[Round "2"]
[White "TristanCalistri"]
[Black "AlexZambrano"]
[Result "1-0"]
[WhiteElo "2191"]
[BlackElo "2212"]
[TimeControl "180+2"]
[EndTime "13:23:28 PDT"]
[Termination "TristanCalistri won by resignation"]

1. e4 e6 2. d4 d5 3. Nd2 Nf6 4. e5 Nfd7 5. c3 c5 6. Bd3 Nc6 7.
Ne2 cxd4 8. cxd4 f6 9. Nf4 Qe7 10. Nf3 fxe5 11. dxe5 Ndxe5 12. Nxe5 Nxe5 13. Qh5+ Nf7 14.
O-O Qg5 15. Qd1 Qf6 16. Re1 Be7 17. Bb5+ Bd7 18. Rxe6 Qf5 19. Bxd7+ Kxd7 20. Qa4+ Kd8 21. Qa5+ b6 22. Rxb6 Ke8 23. Qb5+ Kf8 24. Rb8+ Rxb8 25. Qxb8+ Nd8 26. Be3 Kf7 27. Rd1 Nc6 28. Qxh8 Bf8 29. Nxd5 Qh5 30. Rc1 Qxd5 31. Qxh7 Ne7 32. Qc2 Qxa2 33.
Qc4+ Qxc4 34. Rxc4 Nd5 35. Bxa7 1-0

[Event "*** Titled Tuesday Blitz"]
[Site "Chess.com"]
[Date "2019.05.07"]
[Round "2"]
[White "CarrotsandPizza"]
[Black "Bigfish1995"]
[Result "0-1"]
[WhiteElo "1494"]
[BlackElo "2939"]
[TimeControl "180+2"]
[EndTime "13:23:29 PDT"]
[Termination "Bigfish1995 won by resignation"]

1. e4 c6 2. d4 d5 3. Nd2 g6 4. c3 Bg7 5. Bd3 Nh6 6. Ngf3 O-O 7. O-O Nd7 8. Re1 Nf6 9. e5 Ne8 10. h3 f6 11. c4 Nc7 12. Nb3 Nf7 13. exf6 exf6 14.
c5 Ne6 15. Bd2 Bd7 16. Re2 Qc7 17. Re3 Rae8 18. Rc1 Nfg5 19. Nxg5 fxg5 20. Bc3 g4 21. hxg4 Bh6 22. Bd2 Bxe3 23. Bxe3 Nf4 24. Be2 Nxe2+ 25. Qxe2 Qf4 26. g5 Qxg5 27. Qd2 Qh5 28. Na5 Bc8 29. Rc3 Rf7 30. Rb3 Rfe7 31. Rb4 Qg4 32. a4 h5 33. Bg5 Re2 34. Qf4 Qxf4 35. Bxf4 R8e7 36. Be3 Rc2 37. Kh2 h4 38. Kg1 Rh7 39. Kf1 h3 40. gxh3 Bxh3+ 41. Ke1 Bg4 42. Kf1 Bf3 0-1

[Event "*** Titled Tuesday Blitz"]
[Site "Chess.com"]
[Date "2019.05.07"]
[Round "2"]
[White "Babas"]
[Black "blitzking1729"]
[Result "0-1"]
[WhiteElo "2429"]
[BlackElo "2470"]
[TimeControl "180+2"]
[EndTime "13:23:30 PDT"]
[Termination "blitzking1729 won by resignation"]

1. e4 e6 2. d4 d5 3. Nc3 Nf6 4. e5 Nfd7 5. f4 c5 6. Nf3 Nc6 7. Be3 a6 8. Qd2 cxd4 9. Nxd4 Bc5 10. h4 Nxd4 11. Bxd4 b5 12. a3 Qb6 13. Ne2 Bb7 14. h5 O-O 15. c3 f6 16. h6 g6 17. exf6 Nxf6 18. Bxc5 Qxc5 19. Qd4 Qxd4 20. Nxd4 Rae8 21. O-O-O Ne4 22. Re1 Rxf4 23. Rh3 e5 24. Nf3 Bc8 25.
Rh2 Ng3 26. Bd3 e4 27. Bc2 Ref8 28. Nd4 Rf1 29. Rxf1 Rxf1+ 30. Kd2 Rf2+ 31. Ke1 e3 32. Bd3 Bf5 33. Bxf5 gxf5 34. Kd1 e2+ 35. Kd2 Rf1 36. Nf3 Rd1+ 37. Kc2 e1=Q 38. Nxe1 Rxe1 39. Rh3 Re2+ 40. Kb3 Rxg2 41. Rh4 Ne4 42. Rf4 Nd6 43. Rd4 Kf7 44. Rxd5 Ke6 45. Rc5 Nc4 46. Kb4 0-1

[Event "*** Titled Tuesday Blitz"]
[Site "Chess.com"]
[Date "2019.05.07"]
[Round "2"]
[White "vladimirdamjanovic"]
[Black "GHANDEEVAM2003"]
[Result "0-1"]
[WhiteElo "2571"]
[BlackElo "2866"]
[TimeControl "180+2"]
[EndTime "13:23:32 PDT"]
[Termination "GHANDEEVAM2003 won by resignation"]

1. e4 e6 2. d4 d5 3. Nc3 Nf6 4. Bg5 Be7 5. e5 Nfd7 6. Bxe7 Qxe7 7. f4 a6 8. Nf3 c5 9. Qd2 Nc6 10. dxc5 Nxc5 11. O-O-O b5 12. Qe3 Qa7 13. Kb1 b4 14. Ne2 Bd7 15. Ned4 g6 16. g4 h5 17. gxh5 Rxh5 18. h4 Ne7 19. Be2 Bb5 20. Ng5 Bxe2 21. Qxe2 Qb7 22. Qg4 a5 23. Ngxe6 fxe6 24. Nxe6 Nxe6 25.
Qxe6 Rc8 26. f5 Rxf5 27. h5 Qc6 28. Qxc6+ Rxc6 29. h6 Rf8 30. h7 Rh8 31. Rdf1 Nf5 32. b3 Re6 33. Re1 Kf7 34. a3 Kg7 35. axb4 axb4 36.
Rhg1 Rxh7 37. Rg4 Rh4 38. Rg2 Re4 39. Rf1 Ne3 0-1

[Event "*** Titled Tuesday Blitz"]
[Site "Chess.com"]
[Date "2019.05.07"]
[Round "2"]
[White "SloLev"]
[Black "tomozupan"]
[Result "1-0"]
[WhiteElo "2476"]
[BlackElo "2292"]
[TimeControl "180+2"]
[EndTime "13:23:32 PDT"]
[Termination "SloLev won on time"]

1. d4 Nf6 2. Bf4 g6 3. Nc3 d5 4. e3 Bg7 5. h4 c6 6. Nf3 Bg4 7. Qd2 Bxf3 8. gxf3 Nbd7 9. e4 O-O 10. O-O-O Qa5 11.
Kb1 b5 12. Nxd5 Qd8 13. Ne3 Nh5 14. Bh2 a5 15. f4 Ndf6 16. Bd3 Qxd4 17. e5 Nd5 18.
Nxd5 Qxd5 19. Be2 Qxd2 20. Rxd2 Rad8 21. Rhd1 Rxd2 22. Rxd2 Rc8 23. Rd7 Bf8 24. Bxh5 gxh5 25. f5 e6 26. f6 h6 27. c3 Bc5 28. Bg3 Bb6 29. Kc2 Rd8 30. Rb7 Bc5 31. Rc7 Bf8 32. Rxc6 Kh7 33. b3 Kg6 34. Ra6 b4 35. c4 1-0